 Dungeon Crawl Stone Soup version 0.27-a0-1202-ge72e49191c (webtiles) character file.

Game seed: 17032645825635729589

149340 Delamore the Warrior (level 18, -12/148 (149) HPs)
             Began as a Formicid Fighter on June 2, 2021.
             Was a High Priest of Elyvilon.
             Mangled by Yxzaesko's ghost (19 damage)
             ... on level 3 of the Shoals.
             The game lasted 00:50:06 (42005 turns).

Delamore the Warrior (Formicid Fighter)            Turns: 42005, Time: 00:50:07

HP:   -12/148 (149) AC: 18    Str: 27    XL:     18   Next: 13%
MP:   29/29         EV: 14    Int:  4    God:    Elyvilon [*****.]
Gold: 598           SH:  0    Dex: 10    Spells: 17/17 levels left

rFire    . . .     SeeInvis +   a - +0 trident (spect)
rCold    . . .     Faith    +   b - +10 tower shield of Ignorance {rN+ Int-4}
rNeg     + . .     Spirit   .   M - +4 scale mail {Will+}
rPois    .         Reflect  .   (helmet unavailable)
rElec    .         Harm     .   U - +1 cloak {Will+}
rCorr    .         Rampage  .   z - +0 pair of gloves
Will     ++++.                  I - +0 pair of boots
Stlth    ..........             i - amulet of faith
HPRegen  0.34/turn              G - ring "Yzilimm" {EV+4 Int-2 Slay+6}
MPRegen  0.21/turn              x - ring of willpower

@: confused, lightly drained, very slow
A: permanent stasis, dig shafts and tunnels, antennae 3, four strong arms
a: Dig, Shaft Self, Renounce Religion, Lesser Healing, Heal Other, Purification,
Greater Healing, Divine Vigour, Divine Protection


You were on level 3 of the Shoals.
You worshipped Elyvilon.
Elyvilon was extremely pleased with you.
You visited 5 branches of the dungeon, and saw 27 of its levels.
You also visited: Ossuary and Volcano.

You collected 3580 gold pieces.
You spent 2982 gold pieces at shops.

Inventory:

Hand Weapons
 a - a +0 spectral trident (weapon)
 r - a +2 antimagic glaive
 W - a +0 bardiche of venom
Missiles
 k - 4 boomerangs of dispersal
 l - 61 boomerangs (quivered)
 m - 28 silver javelins
 D - 8 curare-tipped darts
 F - 17 javelins
 O - 7 throwing nets
Armour
 b - the +10 tower shield of Ignorance (worn) {rN+ Int-4}
   (You acquired it on level 1 of the Shoals)

   It affects your intelligence (-4).
   It protects you from negative energy.
 f - a +0 cloak of fire resistance
 z - a +0 pair of gloves (worn)
 I - a +0 pair of boots (worn)
 M - a +4 scale mail of willpower (worn)
 U - a +1 cloak of willpower (worn)
Jewellery
 i - an amulet of faith (around neck)
 x - a ring of willpower (right hand)
 E - a ring of resist corrosion
 G - the ring "Yzilimm" (left hand) {EV+4 Int-2 Slay+6}
   (You acquired it on level 9 of the Dungeon)

   [ring of evasion]

   It affects your evasion (+4).
   It affects your intelligence (-2).
   It affects your accuracy and damage with ranged weapons and melee attacks
   (+6).
 S - a ring of ice
 X - a ring of poison resistance
Wands
 v - a wand of flame (18)
 A - a wand of iceblast (29)
 T - a wand of paralysis (4)
Scrolls
 e - a scroll of holy word
 h - 3 scrolls of enchant armour
 j - 14 scrolls of identify
 q - 2 scrolls of enchant weapon
 t - 5 scrolls of immolation
 y - a scroll of silence
 K - 2 scrolls of fear
 N - 5 scrolls of magic mapping
 P - 2 scrolls of fog
 Z - a scroll of summoning
Potions
 c - a potion of mutation
 d - 6 potions of might
 g - 4 potions of ambrosia
 o - a potion of magic
 p - 8 potions of lignification
 s - a potion of invisibility
 u - 18 potions of curing
 w - 6 potions of heal wounds
 C - 3 potions of brilliance
 H - 2 potions of resistance
 L - 5 potions of flight
Miscellaneous
 J - a phantom mirror (inert)
 Q - a lightning rod (4/4)


   Skills:
 - Level 15.0 Fighting
 - Level 14.0 Polearms
 + Level 13.1 Throwing
 + Level 11.3 Armour
 - Level 15.0 Shields
 - Level 15.0 Invocations


You had 17 spell levels left.
You didn't know any spells.
Your spell library contained the following spells:

 Spells                   Type           Power      Damage    Failure   Level
 Corona                   Hex            0%         N/A       71%         1
 Magic Dart               Conj           0%         1d3       71%         1
 Sandblast                Erth           0%         2d4       71%         1
 Shock                    Conj/Air       0%         1d3       71%         1
 Sting                    Tmut/Pois      0%         1d3       71%         1
 Call Imp                 Summ           0%         N/A       85%         2
 Ensorcelled Hibernation  Hex/Ice        0%         N/A       85%         2
 Passwall                 Tmut/Erth      0%         N/A       85%         2
 Poisonous Vapours        Pois/Air       0%         N/A       85%         2
 Searing Ray              Conj           0%         3d3       85%         2
 Slow                     Hex            0%         N/A       85%         2
 Static Discharge         Conj/Air       0%         N/A       85%         2
 Sublimation of Blood     Necr           0%         N/A       85%         2
 Confusing Touch          Hex            0%         N/A       97%         3
 Conjure Flame            Conj/Fire      0%         6-21      97%         3
 Dazzling Flash           Conj/Hex       0%         N/A       97%         3
 Ignite Poison            Fire/Tmut/Pois 0%         N/A       97%         3
 Mephitic Cloud           Conj/Pois/Air  0%         N/A       97%         3
 Stone Arrow              Conj/Erth      0%         3d7       97%         3
 Tukima's Dance           Hex            0%         N/A       97%         3
 Airstrike                Air            0%         N/A       100%        4
 Fulminant Prism          Conj/Hex       0%         3d6       100%        4
 Iskenderun's Mystic Bla  Conj/Tloc      0%         2d3       100%        4
 Olgreb's Toxic Radiance  Pois           0%         N/A       100%        4
 Petrify                  Tmut/Erth      0%         N/A       100%        4
 Alistair's Intoxication  Tmut/Pois      0%         N/A       100%        5
 Irradiate                Conj/Tmut      0%         3d14      100%        5
 Lee's Rapid Deconstruct  Erth           0%         3d5*      100%        5
 Lightning Bolt           Conj/Air       0%         1d11      100%        5
 Blade Hands              Tmut           0%         N/A       100%        6
 Eringya's Noxious Bog    Tmut/Pois      0%         N/A       100%        6
 Statue Form              Tmut/Erth      0%         N/A       100%        6
 Dragon Form              Tmut           0%         N/A       100%        7
 Blink                    Tloc           Unusable   N/A       N/A         2
 Swiftness                Air            Unusable   N/A       N/A         3

Dungeon Overview and Level Annotations

Branches:
Dungeon (15/15)            Temple (1/1) D:5            Lair (6/6) D:11
 Shoals (3/4) Lair:4       Spider (0/4) Lair:4        Slime (0/5) Lair:5
    Orc (2/2) D:10            Elf (0/3) Orc:2        Vaults (0/5) D:13
 Depths (0/5) D:15        Ossuary (visited)         Volcano (visited)

Altars:
Ashenzari
Elyvilon
Fedhas
Gozag
Makhleb
Nemelex Xobeh
Okawaru
Sif Muna
Vehumet
Wu Jian
Xom
Zin
Beogh

Shops:
D:1 :   D:12 (   Orc:2 ::!((?:=   Shoals:1 ?

Portals:
Trove: D:13 (give 18 potions of curing)

Annotations:
D:9 1 runed translucent door
Shoals:3 Yxzaesko's ghost, journeyman TeWz


Innate Abilities, Weirdness & Mutations

You cannot be hasted, slowed, berserked, paralysed or teleported.
You can dig through walls and to a lower floor.
You have a pair of large antennae on your head. (SInv)
Your four strong arms can wield two-handed weapons with a shield.


Message History

You are confused.
The lightning spire disappears in a puff of smoke!
Yxzaesko's ghost mumbles some strange words.
An electric hum fills the air.
The satyr simulacrum misses you. The spectral merfolk impaler hits you!
You partially resist.
You feel drained.
You puncture the spectral merfolk impaler!
The spectral merfolk impaler is almost destroyed.
Your spectral weapon hits the spectral merfolk impaler!
You destroy the spectral merfolk impaler!
You are engulfed in noxious fumes.
You choke on the stench!
You are more confused.
You bump into the stone wall.
You are engulfed in noxious fumes.
Yxzaesko's ghost points at you and mumbles some strange words.
The ball explodes into a vile cloud!
The stinking cloud engulfs you but does no damage.
The stinking cloud engulfs the satyr simulacrum but does no damage.
The lightning spire shoots out a bolt of lightning at you!
The bolt of electricity hits you. The satyr simulacrum barely misses you.
You bump into the stone wall.
You are engulfed in noxious fumes.
You choke on the stench!
You are more confused.
The satyr simulacrum hits you. The satyr simulacrum freezes you!
You are too confused!
You are engulfed in noxious fumes.
You choke on the stench!
You are more confused.
You barely miss the satyr simulacrum.
Your spectral weapon hits the satyr simulacrum from afar!
Splash!
You fall into the shallow water.
Moving in this stuff is going to be slow.
The satyr simulacrum hits you! The satyr simulacrum freezes you!!
* * * LOW HITPOINT WARNING * * *
You are too confused!
You feel much better. The satyr simulacrum hits you!
* * * LOW HITPOINT WARNING * * *
The satyr simulacrum freezes you!!
* * * LOW HITPOINT WARNING * * *
Yxzaesko's ghost hits you but does no damage.
You are electrocuted!!
You die...

≈≈..≈≈≈≈≈≈≈≈≈≈≈≈≈≈≈≈≈......≈≈≈≈≈≈
≈≈........≈≈≈≈≈≈≈≈≈≈..###.>.≈≈≈≈≈
≈≈≈≈≈.....≈≈≈≈≈≈≈≈≈≈..# ##.≈≈≈≈≈≈
≈≈≈≈≈≈....≈≈≈≈≈≈≈≈≈≈.#####.≈≈≈≈≈≈
≈≈P≈[....≈≈≈≈≈≈≈≈≈≈≈≈.#....≈≈≈≈≈≈
P≈P≈≈..#.≈≈≈≈≈≈≈≈≈≈≈≈≈.....≈≈≈≈≈≈
.....####..≈≈≈.≈≈≈≈≈≈≈≈≈≈≈≈≈≈≈≈≈≈
...........≈...W≈§≈≈≈≈≈≈≈≈≈≈≈≈≈≈≈
≈≈≈............Z@○≈≈≈≈≈≈≈≈≈≈≈≈≈≈≈
...........8...°.§≈≈...≈≈≈≈≈≈≈≈≈≈
.....(.......#######...≈≈≈≈≈≈≈≈≈≈
..#..........#Z#.#.#.....≈≈≈)≈≈≈≈
≈............#Z{..$#.....≈..≈≈≈≈≈
≈............○...:##..#..≈≈≈≈≈≈≈≈
..#..........°°..!.#.##..≈≈≈≈≈≈≈≈
###..........'≈..?##.....≈≈≈≈≈≈≈≈
###.......≈≈.#≈...?#.....≈≈≈≈≈≈≈≈


You could see a lightning spire (summoned), Yxzaesko's ghost and a satyr
simulacrum.

Vanquished Creatures
  A kraken (Shoals:2)
  Ilsuiw (Shoals:3)
  A dire elephant (Lair:6)
  2 merfolk javelineers (Shoals:2)
  6 merfolk impalers
  A great orb of eyes (D:15)
  Fannar (Orc:2)
  4 boulder beetles
  13 hydras
  2 fire dragons
  3 rakshasas (D:15)
  8 centaur warriors
  A two-headed ogre (shapeshifter) (D:15)
  2 satyrs (Shoals:3)
  4 catoblepae
  2 dancing weapons (D:13)
  A merfolk avatar (Shoals:2)
  A death knight (D:8)
  7 two-headed ogres
  14 death yaks
  A hell hog (Volcano)
  5 large abominations (D:12)
  An orc high priest (Orc:2)
  2 tengu warriors (D:9)
  Urug (D:13)
  Nergalle (Orc:1)
  8 sea snakes
  A fire crab (Volcano)
  4 spectral merfolk (Shoals:3)
  A wizard (D:12)
  Pikel (D:7)
  A swamp dragon (Lair:6)
  2 lindwurms (Lair:6)
  11 harpies
  A deep elf pyromancer (D:8)
  3 orc knights
  6 cyclopes
  9 fauns
  2 orc sorcerers (Orc:1)
  3 oklob plants
  10 ugly things
  11 manticores
  A salamander (shapeshifter) (D:15)
  13 merfolk sirens
  Maurice (D:13)
  Joseph (Lair:1)
  6 black mambas
  A molten gargoyle (Volcano)
  6 water nymphs
  2 torpor snails
  5 elephants (Lair:6)
  12 cane toads
  An unseen horror (D:13)
  7 komodo dragons
  5 rime drakes (Lair:6)
  A yaktaur (D:15)
  A freezing wraith (D:9)
  A demonic crawler (Lair:4)
  15 merfolk
  2 polar bears
  5 trolls
  5 wind drakes
  15 slime creatures
  A spectral manticore (Shoals:3)
  8 blink frogs
  7 snapping turtles
  18 dream sheep
  A centaur simulacrum (D:15)
  A vampire (D:13)
  5 water elementals
  5 wyverns
  8 basilisks
  6 fire bats (Volcano)
  25 yaks
  9 steam dragons
  4 vampire mosquitoes (D:13)
  3 wargs
  A warg (shapeshifter) (D:9)
  6 acid dragons
  An acid dragon (shapeshifter) (D:9)
  5 water moccasins
  A hell hound (Volcano)
  A swamp drake (Lair:6)
  4 black bears
  2 sky beasts
  A black bear (shapeshifter) (D:15)
  46 orc warriors
  7 wolves
  8 ogres
  16 centaurs
  3 lemures (D:7)
  3 phantoms
  A kobold brigand (D:7)
  8 bullfrogs
  A wyvern zombie (D:6)
  9 scorpions
  A water nymph simulacrum (Shoals:3)
  26 killer bees
  10 electric eels
  2 howler monkeys
  6 lava snakes (Volcano)
  10 centaur zombies
  7 small abominations (D:12)
  4 jellies
  Crazy Yiuf (D:6)
  A gnoll shaman (D:5)
  16 orc priests
  3 bullfrog skeletons (D:6)
  A centaur skeleton (D:4)
  9 iguanas
  11 orc wizards
  6 mummies
  A hound skeleton (D:5)
  A howler monkey zombie (D:9)
  15 gnolls
  7 adders
  A shadow imp (D:8)
  A white imp (D:6)
  An ufetubus (D:5)
  An adder skeleton (D:4)
  A worm (D:2)
  2 dart slugs (D:1)
  93 orcs
  22 endoplasms
  4 giant cockroaches
  32 goblins
  21 hobgoblins
  8 jackals
  2 quokkas
  5 ball pythons
  3 bats (D:1)
  5 frilled lizards
  4 hobgoblin zombies
  17 kobolds
  A kobold zombie (D:5)
  5 rats
  3 tentacles (Shoals:2)
861 creatures vanquished.

Vanquished Creatures (collateral kills)
  2 merfolk javelineers (Shoals:2)
  A merfolk impaler (Shoals:2)
3 creatures vanquished.

Vanquished Creatures (others)
  A slime creature (D:15)
  A bullfrog (D:8)
  An iguana (Lair:6)
  4 orcs
  22 fungi
  73 plants
  8 tentacles (Shoals:2)
110 creatures vanquished.

Grand Total: 974 creatures vanquished

Notes
Turn   | Place    | Note
-------+----------+-------------------------------------------
     0 | D:1      | Delamore the Formicid Fighter began the quest for the Orb.
     0 | D:1      | Reached XP level 1. HP: 18/18 MP: 1/1
   236 | D:1      | Reached XP level 2. HP: 24/24 MP: 2/2
   674 | D:1      | Found Upuer's Book Boutique.
   868 | D:2      | Reached XP level 3. HP: 26/29 MP: 3/3
  1304 | D:2      | Found a faded altar of an unknown god.
  1338 | D:2      | Became a worshipper of Elyvilon the Healer
  1338 | D:2      | Reached * piety under Elyvilon
  1398 | D:2      | Found an opulent altar of Gozag.
  1995 | D:2      | Reached XP level 4. HP: 37/37 MP: 4/4
  2713 | D:3      | Reached ** piety under Elyvilon
  3022 | D:3      | Reached XP level 5. HP: 41/42 MP: 5/5
  3814 | D:4      | HP: 2/42 [scorpion (2)]
  3824 | D:4      | Reached XP level 6. HP: 12/49 MP: 1/6
  4247 | D:4      | Found a radiant altar of Vehumet.
  4565 | D:4      | You fall into a shaft and drop 3 floors!
  4602 | D:5      | Entered Level 5 of the Dungeon
  4603 | D:5      | Noticed a sky beast
  4606 | D:5      | Noticed an ogre
  4614 | D:5      | Killed a sky beast
  4615 | D:5      | Reached skill level 5 in Shields
  4615 | D:5      | Reached XP level 7. HP: 49/55 MP: 7/7
  4627 | D:5      | Reached skill level 5 in Polearms
  4709 | D:5      | Found a sand-covered staircase.
  4721 | Ossuary  | Entered an ossuary
  4743 | Ossuary  | Reached skill level 5 in Fighting
  4752 | Ossuary  | Reached skill level 5 in Armour
  5066 | Ossuary  | Reached XP level 8. HP: 60/62 MP: 8/8
  5071 | Ossuary  | Reached skill level 1 in Invocations
  5518 | D:5      | Reached *** piety under Elyvilon
  6029 | D:5      | HP: 3/62 [killer bee (6)]
  6046 | D:5      | HP: 3/62 [poisoned by a killer bee]
  6052 | D:5      | HP: 2/62 [killer bee (6)]
  6058 | D:5      | HP: 3/62 [killer bee (5)]
  6418 | D:5      | Found a staircase to the Ecumenical Temple.
  7167 | Temple   | Entered the Ecumenical Temple
  7422 | D:6      | Reached XP level 9. HP: 49/68 MP: 11/11
  7809 | D:6      | Found a white marble altar of Elyvilon.
  8069 | D:6      | Reached skill level 5 in Invocations
  9037 | D:6      | Reached **** piety under Elyvilon
  9242 | D:6      | Found a runed translucent door.
  9243 | D:6      | Noticed Crazy Yiuf
  9367 | D:6      | Found an opulent altar of Gozag.
  9368 | D:6      | Found a broken altar of Ashenzari.
  9369 | D:6      | Found a burning altar of Makhleb.
  9621 | D:6      | Killed Crazy Yiuf
  9992 | D:7      | Reached XP level 10. HP: 74/74 MP: 14/14
 10046 | D:7      | Found a glowing silver altar of Zin.
 10046 | D:7      | Noticed an angel
 10138 | D:7      | Noticed Pikel
 10140 | D:7      | Reached skill level 10 in Polearms
 10156 | D:7      | Killed Pikel
 11802 | D:8      | Noticed a red ugly thing
 11813 | D:8      | Killed a red ugly thing
 11944 | D:8      | Noticed a deep elf pyromancer
 11954 | D:8      | Killed a deep elf pyromancer
 12078 | D:8      | Noticed a death knight
 12096 | D:8      | Killed a death knight
 12097 | D:8      | Reached XP level 11. HP: 41/79 MP: 17/17
 13601 | D:9      | Identified a scroll of acquirement
 13601 | D:9      | Acquired the ring "Yzilimm" {EV+4 Int-2 Slay+6}
 13710 | D:9      | Noticed a two-headed ogre
 13759 | D:9      | Killed a two-headed ogre
 14020 | D:9      | Noticed a manticore
 14155 | D:9      | Reached ***** piety under Elyvilon
 14353 | D:9      | Noticed a boulder beetle
 14366 | D:9      | Killed a boulder beetle
 14367 | D:9      | Reached skill level 10 in Invocations
 14603 | D:9      | Found a runed translucent door.
 14622 | D:9      | Noticed a brown ugly thing
 14622 | D:9      | Noticed a tengu warrior
 14622 | D:9      | Noticed a two-headed ogre
 14622 | D:9      | Noticed a tengu warrior
 14622 | D:9      | Noticed a manticore
 14622 | D:9      | Noticed a two-headed ogre
 14631 | D:9      | Killed a brown ugly thing
 14636 | D:9      | Killed a two-headed ogre
 14644 | D:9      | Killed a tengu warrior
 14646 | D:9      | Killed a two-headed ogre
 14655 | D:9      | Killed a tengu warrior
 14656 | D:9      | Reached XP level 12. HP: 64/107 MP: 24/24
 14876 | D:9      | Identified the +1 robe "Tuqi Ops" {Harm Rampage rF- rC-}
 15355 | D:10     | Entered Level 10 of the Dungeon
 15441 | D:10     | Found a staircase to the Orcish Mines.
 15655 | D:10     | Noticed a two-headed ogre
 15663 | D:10     | Killed a two-headed ogre
 15985 | Orc:1    | Entered Level 1 of the Orcish Mines
 16348 | Orc:1    | Noticed Nergalle
 16368 | Orc:1    | Killed Nergalle
 16517 | Orc:1    | Found a dark tunnel.
 16594 | Volcano  | Entered a volcano
 17047 | Volcano  | Noticed a fire crab
 17059 | Volcano  | Killed a fire crab
 17074 | Volcano  | Found a burning altar of Makhleb.
 17075 | Volcano  | Noticed a hell hog
 17084 | Volcano  | Killed a hell hog
 17085 | Volcano  | Reached XP level 13. HP: 90/101 MP: 20/20
 17655 | Orc:2    | Entered Level 2 of the Orcish Mines
 17698 | Orc:2    | Reached ****** piety under Elyvilon
 17720 | Orc:2    | Noticed a centaur warrior
 17725 | Orc:2    | Reached skill level 1 in Throwing
 18486 | Orc:1    | Killed a centaur warrior
 18487 | Orc:1    | Reached skill level 10 in Fighting
 18487 | Orc:1    | Reached skill level 10 in Armour
 19435 | Orc:2    | Found Idapnu's Book Shop.
 19487 | Orc:2    | Found Okhlel's Book Boutique.
 19567 | Orc:2    | Found a staircase to the Elven Halls.
 20567 | Orc:2    | Found Lacir's Jewellery Shoppe.
 20667 | Orc:2    | Found Hezxurycw's Antique Weapon Shoppe.
 20667 | Orc:2    | Found Ifegava's Weapon Boutique.
 20669 | Orc:2    | Found Kismaib's Magic Scroll Shop.
 20671 | Orc:2    | Found Zuma's Distillery.
 20683 | Orc:2    | Bought a potion of curing for 36 gold pieces
 20683 | Orc:2    | Bought a potion of heal wounds for 60 gold pieces
 20683 | Orc:2    | Bought 2 potions of heal wounds for 120 gold pieces
 20683 | Orc:2    | Bought a potion of resistance for 120 gold pieces
 20683 | Orc:2    | Bought a potion of curing for 36 gold pieces
 20683 | Orc:2    | Bought a potion of might for 48 gold pieces
 20685 | Orc:2    | Bought a runed glaive for 304 gold pieces
 20690 | Orc:2    | Bought a scroll of identify for 22 gold pieces
 20690 | Orc:2    | Bought a scroll of identify for 22 gold pieces
 20690 | Orc:2    | Bought a scroll of identify for 22 gold pieces
 20769 | Orc:2    | Found Yquim's Book Shoppe.
 20859 | Orc:1    | Noticed Fannar
 20866 | Orc:2    | Reached skill level 5 in Throwing
 20997 | Orc:2    | Killed Fannar
 21309 | D:11     | Noticed a boulder beetle
 21325 | D:11     | Killed a boulder beetle
 21513 | D:11     | Found a staircase to the Lair.
 21864 | D:11     | Noticed a four-headed hydra
 21868 | D:11     | Killed a four-headed hydra
 22224 | Lair:1   | Entered Level 1 of the Lair of Beasts
 22234 | Lair:1   | Reached XP level 14. HP: 116/116 MP: 21/21
 22352 | Lair:1   | Noticed Joseph
 22359 | Lair:1   | Killed Joseph
 24985 | Lair:4   | Found a hole to the Spider Nest.
 25340 | Lair:4   | Found a staircase to the Shoals.
 26428 | Lair:5   | Reached skill level 15 in Fighting
 26597 | Lair:5   | Found a staircase to the Slime Pits.
 26796 | Lair:5   | You fall into a shaft and drop 1 floor!
 26796 | Lair:6   | Entered Level 6 of the Lair of Beasts
 26826 | Lair:6   | Reached XP level 15. HP: 90/129 MP: 20/23
 28476 | Lair:6   | Reached skill level 10 in Shields
 30276 | D:12     | Reached XP level 16. HP: 136/136 MP: 25/25
 30582 | D:12     | Identified the +0 tower shield of Xouxidiv {rF+}
 31278 | D:12     | Found Omaprobrea's Weapon Shoppe.
 31608 | D:13     | Found an iron altar of Okawaru.
 31868 | D:13     | Found a portal to a secret trove of treasure.
 32009 | D:13     | Noticed Maurice
 32030 | D:13     | Killed Maurice
 32238 | D:13     | Found a gate to the Vaults.
 32366 | D:13     | Noticed Urug
 32375 | D:13     | Killed Urug
 33993 | D:14     | Found a blossoming altar of Fedhas.
 34317 | D:15     | Entered Level 15 of the Dungeon
 35630 | D:15     | Found an ornate altar of the Wu Jian Council.
 35864 | D:15     | Found a staircase to the Depths.
 35876 | D:15     | Reached skill level 15 in Invocations
 36117 | Shoals:1 | Entered Level 1 of the Shoals
 36373 | Shoals:1 | Reached XP level 17. HP: 142/142 MP: 28/28
 36594 | Shoals:1 | Found Cujuex's Magic Scroll Shoppe.
 36606 | Shoals:1 | Bought a scroll of acquirement for 832 gold pieces
 36606 | Shoals:1 | Bought a scroll of acquirement for 832 gold pieces
 36614 | Shoals:1 | Acquired 747 gold pieces
 36615 | Shoals:1 | Acquired the +10 tower shield of Ignorance {rN+ Int-4}
 36616 | Shoals:1 | Found the +10 tower shield of Ignorance {rN+ Int-4}
 36631 | Shoals:1 | Bought a scroll of enchant armour for 120 gold pieces
 36631 | Shoals:1 | Bought a scroll of enchant armour for 120 gold pieces
 36631 | Shoals:1 | Bought a scroll of enchant weapon for 120 gold pieces
 36631 | Shoals:1 | Bought a scroll of fear for 56 gold pieces
 36631 | Shoals:1 | Bought a scroll of magic mapping for 56 gold pieces
 36631 | Shoals:1 | Bought a scroll of magic mapping for 56 gold pieces
 36686 | Shoals:1 | Reached skill level 10 in Throwing
 38430 | Shoals:2 | Noticed a kraken
 38695 | Shoals:2 | Reached skill level 15 in Shields
 40000 | Shoals:2 | Killed a kraken
 40555 | Shoals:3 | Found a runed translucent gate.
 40555 | Shoals:3 | Found a runed translucent gate.
 40555 | Shoals:3 | Found a runed translucent gate.
 40555 | Shoals:3 | Noticed Yxzaesko's ghost (journeyman TeWz)
 40762 | Shoals:3 | Noticed Ilsuiw
 40835 | Shoals:3 | Killed Ilsuiw
 40845 | Shoals:3 | Reached XP level 18. HP: 34/149 MP: 29/29
 41272 | Shoals:3 | Found a broken altar of Ashenzari.
 42005 | Shoals:3 | HP: 7/148 [satyr simulacrum (31)]
 42005 | Shoals:3 | Mangled by Yxzaesko's ghost

Illustrated notes

Levels and vault maps discovered:
D:1:      minmay_arrival_pointy, layout_loops_ring, serial_shops, shop
D:2:      minmay_diamond_boxcup, layout_loops_corners, basic_altar,
          ebering_ecumenical_altar_box
D:3:      layout_basic
D:4:      layout_gridville, lemuel_crystal_altar, general_overflow_altar,
          tso_altar
D:5:      layout_loops_ring, minmay_temple_entry_tees,
          nicolae_ossuary_entry_giza, grunt_decor_clamped, st_stairs_11,
          minmay_misc_feat_room, kennysheep_generic_room_9
D:6:      minmay_goblin_kobold_castle, layout_loops_ring, minitemple,
          amcnicky_altar_gilded, uniq_crazy_yiuf_cottage
D:7:      layout_basic, zin_angel, lemuel_old_faithful, uniq_pikel
D:8:      layout_basic, serial_bayou, serial_bayou_lake_a,
          serial_bayou_lagoon_a, serial_bayou_shore_a, serial_bayou_ford_a,
          wad_mini_maze
D:9:      minmay_the_grid_triangle_9x9_recursive_2
          [minmay_the_grid_triangle_9x9_prize_top_heavy,
          minmay_the_grid_triangle_9x9_subtriangle,
          minmay_the_grid_triangle_9x9_minimal,
          minmay_the_grid_triangle_9x9_intruding_spiral], layout_loops_corners
D:10:     layout_roguey, orc_0_dummy, serial_curves, eino_curves_02,
          eino_curves_02
D:11:     layout_gridville, david_lair_shrubbed, nrook_uturn
D:12:     layout_big_octagon, serial_shops, nicolae_shop_stone,
          kennysheep_cluttered_room, laboratory
D:13:     layout_basic, erik_vaults_1, nicolae_trove_entry_crossroad,
          okawaru_metal_pillars_1_2, uniq_maurice, uniq_urug
D:14:     layout_basic, fedhas_altar_fruit_tree
D:15:     gammafunk_enter_depths_forms, layout_basic,
          pdpol_wu_jian_five_deadly_venoms
Temple:   zaba_magenta_temple
Lair:1:   layout_small_grid, uniq_joseph
Lair:2:   layout_hall_layers, lemuel_fruit_tree, lemuel_fruit_fields,
          grunt_megastairs_5, minmay_lair_oklob_chamber
Lair:3:   layout_chaotic_city, infiniplex_staircase_pool
Lair:4:   lemuel_slime, layout_cave_pods, minmay_shoals_entry_beasts,
          nicolae_spider_entry_non_spiders
Lair:5:   layout_loops_ring, dpeg_slime_entry_corner, lemuel_fruit_fields,
          grunt_megastairs_2
Lair:6:   hangedman_lair_in_review, layout_hall_layers, guppyfry_lair_end_dragon
Shoals:1: layout_shoals, serial_shops, shop
Shoals:2: layout_shoals, nicolae_shoals_mertower
Shoals:3: layout_shoals, gammafunk_ghost_necromancy, lemuel_oklob_altar,
          uniq_ilsuiw
Orc:1:    layout_caves, basic_altar, lightli_volcano_entry_magma_tube,
          uniq_nergalle, uniq_fannar
Orc:2:    st_orc_rangers, layout_caves, serial_shops,
          nicolae_shop_competitors_out_of_business, nicolae_shop_trees,
          nicolae_shop_window_shopping, shop, mines2_david

Skill      XL: |  1  2  3  4  5  6  7  8  9 10 11 12 13 14 15 16 17 18 |
---------------+-------------------------------------------------------+-----
Shields        | 4 5 6 7 8 11 13 15 | 15.0
Polearms       | 3 4 5 7 9 11 14 | 14.0
Fighting       | 4 5 9 12 15 | 15.0
Armour         | 4 5 9 10 11 | 11.3
Invocations    | 3 6 9 10 12 15 | 15.0
Throwing       | 6 7 9 12 13 | 13.1

Action                   |  1- 3 |  4- 6 |  7- 9 | 10-12 | 13-15 | 16-18 || total
-------------------------+-------+-------+-------+-------+-------+-------++-------
Melee: Trident           |   106 |   226 |   632 |   405 |   992 |  1078 ||  3439
Throw: Boomerang         |       |       |    15 |    47 |    25 |   138 ||   225
       Dart              |       |       |       |    11 |       |       ||    11
       Javelin           |       |       |       |     3 |       |       ||     3
Invok: Lesser Healing    |       |     8 |    22 |     3 |       |       ||    33
       Purification      |       |       |     1 |       |       |       ||     1
       Greater Healing   |       |       |       |     2 |    14 |    17 ||    33
       Divine Vigour     |       |       |       |     1 |       |       ||     1
 Abil: Dig               |       |       |     1 |       |     6 |     1 ||     8
Evoke: Wand              |       |       |       |     2 |       |     4 ||     6
       Lightning rod     |       |       |       |       |       |     1 ||     1
       Phantom mirror    |       |       |       |       |       |     1 ||     1
  Use: Potion            |       |     3 |     4 |       |       |     6 ||    13
       Scroll            |       |     7 |     9 |     2 |     9 |     6 ||    33
 Stab: Invisible         |       |       |     1 |       |       |       ||     1
       Distracted        |       |       |       |     5 |    11 |    21 ||    37
       Confused          |       |       |       |       |     1 |       ||     1
Armor: Scale mail        |    33 |   112 |   380 |    45 |   109 |   132 ||   811
       Chain mail        |       |       |       |    57 |   141 |       ||   198
Dodge: Dodged            |    42 |    85 |   284 |   130 |   325 |   180 ||  1046
Block: Kite shield       |    37 |   144 |   446 |   139 |   393 |     9 ||  1168
       Tower shield      |       |       |       |       |       |   742 ||   742

Table legend: (Time is in decaauts)
 A = Elapsed time spent in this place.
 B = Non-inter-level travel time spent in this place.
 C = Inter-level travel time spent in this place.
 D = Time resting spent in this place.
 E = Time spent auto-exploring this place.
 F = Levels seen in this place.
 G = Mean time per level.
                   A        B        C        D        E       F      G
               +--------+--------+--------+--------+--------+-----+--------+
         Total |  41641 |  40270 |   1371 |  11838 |  22380 |  29 | 1435.9 |
       Dungeon |  22493 |  21689 |    804 |   5544 |  13022 |  15 | 1499.5 |
        Temple |      1 |      1 |      0 |      0 |      0 |   1 |    1.0 |
          Lair |   8030 |   7620 |    410 |   1940 |   4730 |   6 | 1338.3 |
        Shoals |   5707 |   5675 |     32 |   1646 |   3046 |   3 | 1902.3 |
  Orcish Mines |   4149 |   4025 |    124 |   2080 |   1251 |   2 | 2074.5 |
       Ossuary |    574 |    574 |      0 |    383 |     50 |   1 |  574.0 |
       Volcano |    682 |    682 |      0 |    244 |    280 |   1 |  682.0 |
               +--------+--------+--------+--------+--------+-----+--------+

Top non-repeatable levels by time:
     D:8: 2938 daAuts
     D:6: 2610 daAuts
   Orc:1: 2469 daAuts
  Lair:6: 2346 daAuts
Shoals:3: 2290 daAuts
     D:5: 2037 daAuts
     D:9: 1722 daAuts
Shoals:1: 1719 daAuts
  Lair:4: 1713 daAuts
Shoals:2: 1698 daAuts
     D:2: 1683 daAuts
   Orc:2: 1680 daAuts
    D:15: 1580 daAuts
    D:14: 1575 daAuts
     D:3: 1336 daAuts
